 Dungeon Crawl Stone Soup version 0.29-a0-184-g2ef5e920f0 (webtiles) character file.

Game seed: 1901574984833164439

196 Murumi the Shield-Bearer (level 6, -3/45 (48) HPs)
             Began as a Formicid Fighter on Feb 21, 2022.
             Slain by a gnoll shaman (8 damage)
             ... on level 3 of the Dungeon.
             The game lasted 00:08:03 (3091 turns).

Murumi the Shield-Bearer (Formicid Fighter)         Turns: 3091, Time: 00:08:04

HP:   -3/45 (48)    AC:  7    Str: 21    XL:     6   Next: 4%
MP:   6/6           EV:  9    Int: 11    God:
Gold: 110           SH:  5    Dex: 10    Spells: 5/5 levels left

rFire   . . .      SeeInvis +   e - +1 whip
rCold   . . .      Faith    .   c - +0 buckler
rNeg    . . .      Spirit   .   b - +0 scale mail
rPois   .          Reflect  .   (helmet unavailable)
rElec   .          Harm     .   (no cloak)
rCorr   .          Rampage  .   (no gloves)
Will    .....                   (no boots)
Stlth   +.........              k - amulet of the acrobat
HPRegen 0.15/turn               (no ring)
MPRegen 0.10/turn               (no ring)

@: lit by a corona, flying, glowing, drained
A: permanent stasis, dig shafts and tunnels, antennae 3, four strong arms,
clever 1, subdued magic 1, noise suppression
a: Dig, Shaft Self


You were on level 3 of the Dungeon.
You visited 1 branch of the dungeon, and saw 3 of its levels.

You collected 110 gold pieces.

Inventory:

Hand Weapons
 a - a +0 flail
 e - a +1 whip (weapon)
Armour
 b - a +0 scale mail (worn)
 c - a +0 buckler (worn)
Jewellery
 f - a ring of fire
 g - a ring of fire
 k - an amulet of the acrobat (around neck)
Potions
 d - a potion of brilliance


   Skills:
 - Level 4.0 Fighting
 - Level 3.0 Maces & Flails
 - Level 4.0 Armour
 - Level 1.0 Dodging
 + Level 2.9 Stealth
 - Level 5.0 Shields


You had 5 spell levels left.
You didn't know any spells.
Your spell library contained the following spells:

 Spells                   Type           Power      Damage    Failure   Level
 Dispersal                Tloc           0%         N/A       100%        6
 Disjunction              Tloc           0%         N/A       100%        8


Dungeon Overview and Level Annotations

Branches:
Dungeon (3/15)

Altars:
Uskayaw

Shops:
D:1 (


Innate Abilities, Weirdness & Mutations

You cannot be hasted, slowed, berserked, paralysed or teleported.
You can dig through walls and to a lower floor.
You have a pair of large antennae on your head. (SInv)
Your four strong arms can wield two-handed weapons with a shield.
Your mind is acute. (Int +2)
Your spells are a little easier to cast, but a little less powerful.
You passively dampen the noise of your surroundings.


Message History

The gnoll shaman invokes the aid of its god against you.
You are outlined in light.
You hit the gnoll shaman but do no damage.
The gnoll shaman is moderately wounded.
The gnoll shaman hits you with a +0 club!
You hit the gnoll shaman.
The gnoll shaman is heavily wounded.
The gnoll shaman hits you with a +0 club!
You completely miss the gnoll shaman.
The gnoll shaman is heavily wounded.
The gnoll shaman hits you with a +0 club. x2
It was a potion of flight.
You feel very buoyant.
You fly up into the air.
The gnoll shaman hits you with a +0 club.
* * * LOW HITPOINT WARNING * * *
It was a potion of mutation.
You feel extremely strange.
Your connection to magic feels subdued.
You feel your surroundings grow quieter.
You feel clever.
The gnoll shaman utters an invocation to its god.
The gnoll shaman is healed somewhat.
It was a potion of berserk rage.
Your stasis prevents you from going berserk.
You block the gnoll shaman's attack.
You barely miss the gnoll shaman.
The gnoll shaman is moderately wounded.
Okay, then.
You hit the gnoll shaman.
The gnoll shaman is moderately wounded.
The gnoll shaman hits you with a +0 club!
* * * LOW HITPOINT WARNING * * *
You hit the gnoll shaman but do no damage.
The gnoll shaman is moderately wounded.
The gnoll shaman hits you with a +0 club.
* * * LOW HITPOINT WARNING * * *
You hit the gnoll shaman but do no damage.
The gnoll shaman is moderately wounded.
The gnoll shaman hits you with a +0 club!
You die...

#......# ##### #......#
#.... #......# #....
#......# #....
#......############....
#.....{{...............
#....{{########...#....
####'##g# #.#.#.... #.#@##
#.#.#....
########.##########.#.#####
......................# #
########g#######.##.#.# #


ggg #......# # {...# ####.### # .....# #######.#### # #...>.. ...........##
#.....# .######.##..### You could see a gnoll shaman.

Vanquished Creatures
  A necrophage (D:2)
  Jessica (D:2)
  3 adders (D:2)
  An orc (D:3)
  2 ball pythons
  4 endoplasms
  2 giant cockroaches
  9 goblins
  4 hobgoblins (D:1)
  A jackal (D:3)
  3 kobolds
  6 quokkas
  8 bats
  3 frilled lizards (D:1)
  5 rats
53 creatures vanquished.

Notes
Turn   | Place    | Note
-------+----------+-------------------------------------------
     0 | D:1      | Murumi the Formicid Fighter began the quest for the Orb.
     0 | D:1      | Reached XP level 1. HP: 18/18 MP: 1/1
    46 | D:1      | Reached skill level 4 in Shields
   318 | D:1      | Reached XP level 2. HP: 24/24 MP: 2/2
   361 | D:1      | Found Voet's Antique Weapon Boutique.
   649 | D:1      | Found a faded altar of an unknown god.
   792 | D:1      | Reached XP level 3. HP: 30/30 MP: 3/3
  1640 | D:2      | Found a hide-covered altar of Uskayaw.
  1694 | D:2      | Reached skill level 1 in Stealth
  1722 | D:2      | Noticed Jessica
  1738 | D:2      | Killed Jessica
  1739 | D:2      | Reached skill level 1 in Dodging
  1739 | D:2      | Reached XP level 4. HP: 37/37 MP: 4/4
  2141 | D:2      | Noticed a necrophage
  2150 | D:2      | Killed a necrophage
  2151 | D:2      | Reached skill level 5 in Shields
  2151 | D:2      | Reached XP level 5. HP: 39/42 MP: 5/5
  2821 | D:3      | Reached XP level 6. HP: 44/48 MP: 6/6
  3086 | D:3      | Gained mutation: Your spells are a little easier to cast,
                  | but a little less powerful. [potion of mutation]
  3086 | D:3      | Gained mutation: You passively dampen the noise of your
                  | surroundings. [potion of mutation]
  3086 | D:3      | Gained mutation: Your mind is acute. (Int +2) [potion of
                  | mutation]
  3091 | D:3      | Slain by a gnoll shaman

Illustrated notes

Levels and vault maps discovered:
D:1:      amcnicky_arrival_underground_garden, layout_basic, serial_shops, shop,
          shapermc_ecumenical_altar_gd
D:2:      layout_basic, basic_altar, uniq_jessica
D:3:      layout_basic, minmay_fractal_squares_diagonal_5

Skill      XL: |  1  2  3  4 |
---------------+-------------+-----
Shields        | 4 5 |  5.0
Fighting       | 4 |  4.0
Armour         | 4 |  4.0
Stealth        | 2 |  2.9
Dodging        | 1 |  1.0
Maces & Flails | 3 |  3.0

Action                   |  1- 3 |  4- 6 || total
-------------------------+-------+-------++-------
Melee: Flail             |    19 |       ||    19
       Whip              |   124 |   108 ||   232
 Abil: Dig               |       |     1 ||     1
  Use: Scroll            |     3 |     2 ||     5
       Potion            |       |     4 ||     4
Armor: Scale mail        |    77 |    37 ||   114
Dodge: Dodged            |    69 |    37 ||   106
Block: Buckler           |    21 |    23 ||    44

Table legend: (Time is in decaauts)
 A = Elapsed time spent in this place.
 B = Non-inter-level travel time spent in this place.
 C = Inter-level travel time spent in this place.
 D = Time resting spent in this place.
 E = Time spent auto-exploring this place.
 F = Levels seen in this place.
 G = Mean time per level.
                   A        B        C        D        E       F      G
               +--------+--------+--------+--------+--------+-----+--------+
         Total |   3104 |   2857 |    247 |      4 |   2280 |   3 | 1034.7 |
       Dungeon |   3104 |   2857 |    247 |      4 |   2280 |   3 | 1034.7 |
               +--------+--------+--------+--------+--------+-----+--------+

Top non-repeatable levels by time:
     D:1: 1588 daAuts
     D:2: 1120 daAuts
     D:3: 395 daAuts
